 Seeded DCSS version 0.30.1-11-g7821555f0a (webtiles) character file.

Game seed: 2171917802256057901 (custom seed)

8179 fireball365 the Severer (level 11, 0/145 HPs)
             Began as a Hill Orc Fighter on Dec 14, 2023.
             Was an Initiate of Gozag.
             Succumbed to Sonja's poison
             ... on level 10 of the Dungeon.
             The game lasted 00:29:28 (11781 turns).

fireball365 the Severer (Hill Orc Fighter)         Turns: 11781, Time: 00:29:28

Health: 0/145      AC: 25    Str: 22 (24) XL:     11   Next: 26%
Magic:  11/11      EV:  2    Int:  7 (8)  God:    Gozag
Gold:   367        SH:  0    Dex:  8 (10) Spells: 10/10 levels left

rFire   + . .        s - +5 battleaxe
rCold   x . .        (shield currently unavailable)
rNeg    . . .        z - melded +9 plate armour "Put-Me-On" {Rampage Dex+3}
rPois   +            (helmet currently unavailable)
rElec   .            q - melded +1 cloak {Will+}
rCorr   .            T - melded +0 pair of gloves
SInv    .            j - melded +0 pair of boots
Will    +....        (no amulet)
Stlth   ++           w - +5 ring of evasion
HPRegen 0.44/turn    f - ring of fire
MPRegen 0.12/turn

%: no passive effects
@: mighty, brilliant, lethally poisoned (0 -> -6), tree-form, gold aura, hasted,
very quick
A: stationary, stasis, torment immunity, boosted hp, (horns 1), strong-willed 1
a: Renounce Religion, Potion Petition, Call Merchant, Bribe Branch


You were on level 10 of the Dungeon.
You worshipped Gozag.
Gozag was aware of your devotion.
You were a tree.
You visited 2 branches of the dungeon, and saw 11 of its levels.
You also visited: Bailey.

You collected 1788 gold pieces.
You spent 1347 gold pieces at shops.
You paid 74 gold pieces to Gozag.

Inventory:

Hand Weapons
 s - a +5 battleaxe (weapon)
 Q - a +0 broad axe
Missiles
 i - 4 silver boomerangs (quivered)
 C - 40 poisoned darts
 I - 6 silver javelins
 K - 8 javelins
Armour
 c - a +0 buckler
 j - a +0 pair of boots (melded)
 o - a +1 helmet
 q - a +1 cloak of willpower (melded)
 z - the +9 plate armour "Put-Me-On" (melded) {Rampage Dex+3}
   (You bought it in a shop on level 1 of the Dungeon)

   Dex:       It affects your dexterity (+3).
   Rampage:   It bestows one free step when moving towards enemies.
 G - the +0 helmet of the Tarantula {rElec Dex+3}
   (You bought it in a shop on level 1 of the Dungeon)

   Dex:       It affects your dexterity (+3).
   rElec:     It insulates you from electricity.
 T - a +0 pair of gloves (melded)
Jewellery
 f - a ring of fire (right branch)
 p - a +6 ring of strength
 w - a +5 ring of evasion (left branch)
Wands
 a - a wand of mindburst (19)
 b - a wand of acid (6)
 D - a wand of digging (6)
 F - a wand of flame (1)
Scrolls
 h - 5 scrolls of enchant weapon
 k - 3 scrolls of magic mapping
 l - a scroll of blinking
 m - a scroll of amnesia
 n - 2 scrolls of enchant armour
 r - 4 scrolls of teleportation
 t - 4 scrolls of poison
 R - 3 scrolls of fear
Potions
 g - a potion of attraction {unknown}
 v - a potion of lignification
 B - 4 potions of flight
 H - 2 potions of magic
 J - a potion of brilliance
 S - a potion of haste


   Skills:
 + Level 9.5 Fighting
 + Level 15.0 Axes
 + Level 1.0 Throwing
 + Level 8.7 Armour
 + Level 3.7 Dodging
 + Level 2.1 Stealth
 + Level 5.6 Shields
 + Level 2.1 Evocations


You had 10 spell levels left.
You didn't know any spells.
Your spell library contained the following spells:

 Spells                   Type           Power      Damage    Failure   Level
 Anguish                  Hex/Necr       0%         N/A       99%         4
 Cause Fear               Hex            0%         N/A       99%         4
 Enfeeble                 Hex            0%         N/A       100%        7
 Chain Lightning          Conj/Air       0%         N/A       100%        9
 Fire Storm               Conj/Fire      0%         5d1       100%        9
 Shatter                  Erth           0%         3d5*      100%        9


Dungeon Overview and Level Annotations

Branches:
Dungeon (10/15)            Temple (1/1) D:6          Bailey (visited)
   Lair: D:8-11         Orc: D:9-12

Altars:
Ashenzari
Cheibriados
Dithmenos
Elyvilon
Fedhas
Gozag
Hepliaklqana
Kikubaaqudgha
Makhleb
Nemelex Xobeh
Okawaru
Ru
Trog
Vehumet
Wu Jian
Xom
Yredelemnul
Zin

Shops:
D:1 [


Innate Abilities, Weirdness & Mutations

You are a tree.
Your roots penetrate the ground, keeping you stationary.
You cannot be teleported.
You are immune to unholy pain and torment.
Your maximum health is greatly increased.
Your equipment is partially melded.
((You have a pair of small horns on your head.))
You are strong-willed. (Will+)


Message History

* * * LOW HITPOINT WARNING * * *
Sonja hits you but does no damage. x3
You are more poisoned.
Sonja hits you but does no damage.
You feel much better.
You feel extremely sick.
Sonja hits you with a +1 short sword of venom.
* * * LOW HITPOINT WARNING * * *
You are more poisoned.
Sonja barely misses you. Sonja hits you but does no damage. x2
Sonja hits you with a +1 short sword of venom.
* * * LOW HITPOINT WARNING * * *
Sonja hits you with a +1 short sword of venom.
* * * LOW HITPOINT WARNING * * *
You are lethally poisoned!
Aiming: Mindburst
Press: ? - help, Q - select action, (/) - cycle Shift-Dir - straight line, f/p - Sonja
Aim: Sonja, wielding a +1 short sword of venom and quivering curare-tipped darts (severely wounded, chance to affect: 80%) Sonja's mind is blasted!
You blow up Sonja!
* * * LOW HITPOINT WARNING * * *
You feel extremely sick.
Your Axes skill increases to level 15!
* * * LOW HITPOINT WARNING * * *
You feel extremely sick.
You feel very mighty all of a sudden.
* * * LOW HITPOINT WARNING * * *
You feel very sick.
It was a potion of brilliance.
You feel clever all of a sudden.
You feel yourself speed up.
* * * LOW HITPOINT WARNING * * *
You feel very sick.
It was a potion of haste.
You feel yourself speed up.
* * * LOW HITPOINT WARNING * * *
You feel sick.
It was a potion of degeneration.
There was something very wrong with that liquid.
You feel weakened.
You feel dopey.
You feel clumsy.
You die...
Your body crumbles into a pile of gold.

......# ...###+#.....#
(......#.....# #########
.......#.....#####........
.....?.#....K....#........
.......#.........#........
.......#.........#........
.......#####'#####........
#...)♣.........###'###
#..............#....>. $
#$.....$.<.$...#......
#..............#......
######################


There were no monsters in sight!

Vanquished Creatures
  An orc warlord (Bailey)
  Erica (D:9)
  Sonja (D:10)
  A manticore (D:9)
  The ghost of safid the Conjurer, a novice GrRe of Gozag (D:6)
  2 trolls (D:10)
  Grinder (D:6)
  A wraith (D:9)
  Sigmund (D:2)
  2 wyverns (D:8)
  3 yaks (D:8)
  Edmund (D:4)
  A water moccasin (D:7)
  9 orc warriors
  2 ice beasts (D:6)
  A black bear (D:5)
  A centaur (D:9)
  An ogre (D:5)
  10 kobold brigands
  2 scorpions
  10 wights (D:9)
  3 killer bees (D:9)
  2 howler monkeys
  3 hounds
  Crazy Yiuf (D:2)
  2 iguanas (D:5)
  2 gnoll boudas
  Terence (D:2)
  2 sleepcaps (D:8)
  9 orc wizards
  Robin (D:2)
  6 adders
  12 gnolls
  A shadow imp (D:7)
  A white imp (D:8)
  A dart slug (D:4)
  36 orcs
  8 ball pythons
  10 endoplasms
  3 giant cockroaches
  15 hobgoblins
  6 jackals (D:2)
  4 quokkas
  18 goblins
  16 kobolds
  3 rats
219 creatures vanquished.

Vanquished Creatures (others)
  A human (D:4)
1 creature vanquished.

Grand Total: 220 creatures vanquished

Notes
Turn   | Place    | Note
-------+----------+-------------------------------------------
     0 | D:1      | fireball365 the Hill Orc Fighter began the quest for the
                  | Orb.
     0 | D:1      | Reached XP level 1. HP: 19/19 MP: 1/1
    93 | D:1      | Reached XP level 2. HP: 24/27 MP: 2/2
   203 | D:1      | Reached skill level 3 in Axes
   243 | D:1      | Found Egamp's Armour Boutique.
   309 | D:1      | Found a faded altar of an unknown god.
   493 | D:1      | Reached XP level 3. HP: 33/33 MP: 3/3
  1022 | D:2      | Noticed Sigmund
  1053 | D:2      | Killed Sigmund
  1054 | D:2      | Reached skill level 5 in Axes
  1054 | D:2      | Reached XP level 4. HP: 24/41 MP: 4/4
  1054 | D:2      | Reached XP level 5. HP: 28/47 MP: 5/5
  1314 | D:2      | Noticed Robin
  1327 | D:2      | Killed Robin
  1411 | D:2      | Reached skill level 1 in Dodging
  1638 | D:2      | Noticed Terence
  1659 | D:2      | Killed Terence
  1660 | D:2      | Reached XP level 6. HP: 43/55 MP: 6/6
  2052 | D:2      | Found a runed translucent door.
  2053 | D:2      | Noticed Crazy Yiuf
  2331 | D:2      | Killed Crazy Yiuf
  2636 | D:3      | Reached skill level 5 in Fighting
  2901 | D:3      | Found a sparkling altar of Nemelex Xobeh.
  2959 | D:3      | Found a basalt altar of Yredelemnul.
  2969 | D:3      | Found a radiant altar of Vehumet.
  2990 | D:3      | Found an iron altar of Okawaru.
  3726 | D:4      | Reached skill level 6 in Axes
  3943 | D:4      | Noticed Edmund
  4483 | D:4      | Reached XP level 7. HP: 58/61 MP: 7/7
  4587 | D:4      | Found an ancient bone altar of Kikubaaqudgha.
  4604 | D:4      | Killed Edmund
  4605 | D:4      | Reached skill level 7 in Axes
  4687 | D:4      | Noticed a human
  4688 | D:4      | Killed a human
  4807 | D:5      | Entered Level 5 of the Dungeon
  5176 | D:5      | Reached skill level 5 in Armour
  5353 | D:5      | Found a white marble altar of Elyvilon.
  5362 | D:5      | Reached skill level 8 in Axes
  5362 | D:5      | Reached XP level 8. HP: 52/70 MP: 8/8
  5646 | D:6      | Found a staircase to the Ecumenical Temple.
  5658 | Temple   | Entered the Ecumenical Temple
  5759 | Temple   | Became a worshipper of Gozag Ym Sagoz the Greedy
  6183 | D:6      | Reached skill level 9 in Axes
  6251 | D:6      | Noticed Grinder
  6253 | D:6      | Found a shimmering altar of Xom.
  6269 | D:6      | Paralysed by Grinder for 2 turns
  6275 | D:6      | Paralysed by Grinder for 3 turns
  6279 | D:6      | Killed Grinder
  6280 | D:6      | Reached skill level 1 in Stealth
  6527 | D:6      | Reached skill level 10 in Axes
  6643 | D:6      | Found a runed translucent gate.
  6643 | D:6      | Found a runed translucent gate.
  6643 | D:6      | Found a runed translucent gate.
  6644 | D:6      | Noticed safid's ghost (novice GrRe)
  7025 | D:7      | Reached XP level 9. HP: 77/78 MP: 9/9
  7797 | D:8      | Found a flagged portal.
  7825 | Bailey   | Entered a bailey
  7848 | Bailey   | Noticed an orc warlord
  7865 | Bailey   | Reached skill level 11 in Axes
  8210 | Bailey   | Found a runed translucent gate.
  8212 | Bailey   | Found a runed translucent gate.
  8214 | Bailey   | Found a runed translucent gate.
  8491 | Bailey   | Killed an orc warlord
  8492 | Bailey   | Reached skill level 12 in Axes
  8492 | Bailey   | Reached skill level 5 in Shields
  8492 | Bailey   | Reached skill level 1 in Evocations
  8492 | Bailey   | Reached XP level 10. HP: 11/88 MP: 10/10
  8906 | D:8      | Reached skill level 1 in Throwing
  9746 | D:8      | Reached skill level 13 in Axes
  9887 | D:8      | Acquired 498 gold pieces
 10076 | D:1      | Bought a +1 cloak of willpower for 181 gold pieces
 10076 | D:1      | Bought the +9 plate armour "Put-Me-On" {Rampage Dex+3} for
                  | 894 gold pieces
 10076 | D:1      | Bought the +0 helmet of the Tarantula {rElec Dex+3} for 272
                  | gold pieces
 10378 | D:6      | Killed safid's ghost
 10387 | D:6      | HP: 4/90 [kobold brigand/+1 dagger of distortion (4)]
 10874 | D:9      | Gained mutation: You have a pair of small horns on your
                  | head. [potion of mutation]
 10874 | D:9      | Gained mutation: You are strong-willed. (Will+) [potion of
                  | mutation]
 10875 | D:9      | Lost mutation: You are strong-willed. (Will+) [potion of
                  | mutation]
 10875 | D:9      | Lost mutation: You have a pair of small horns on your head.
                  | [potion of mutation]
 10875 | D:9      | Gained mutation: You are strong-willed. (Will+) [potion of
                  | mutation]
 10875 | D:9      | Gained mutation: You have a pair of small horns on your
                  | head. [potion of mutation]
 10923 | D:9      | Noticed a manticore
 10929 | D:9      | Killed a manticore
 10930 | D:9      | Reached skill level 14 in Axes
 11100 | D:9      | Noticed Erica
 11106 | D:9      | Killed Erica
 11107 | D:9      | Reached XP level 11. HP: 76/97 MP: 11/11
 11411 | D:9      | Found a broken altar of Ashenzari.
 11524 | D:10     | Entered Level 10 of the Dungeon
 11555 | D:10     | Found a snail-covered altar of Cheibriados.
 11755 | D:10     | Noticed Sonja
 11776 | D:10     | Killed Sonja
 11777 | D:10     | Reached skill level 15 in Axes
 11779 | D:10     | HP: 3/145 [poisoned by Sonja]
 11781 | D:10     | Succumbed to Sonja's poison

Illustrated notes

Levels and vault maps discovered:
D:1:      heliophobic_arrival_ceremonial_halls, layout_loops_ring, serial_shops,
          nicolae_shop_advertising_works [nicolae_subvault_shop_adworks],
          nicolae_ecumenical_snake_handling
D:2:      layout_basic, uniq_crazy_yiuf_cottage, uniq_terence, uniq_sigmund,
          uniq_robin
D:3:      layout_basic, nicolae_overflow_quartered_altars, kennysheep_potato
D:4:      layout_loops_corners, tgw_kikubaaqudgha, uniq_edmund
D:5:      layout_loops_cross, elyvilon_altar_5
D:6:      layout_gridville, amcnicky_altar_gilded, minmay_temple_entry_junction,
          gammafunk_ghost_nasty_kobolds, uniq_grinder
D:7:      layout_basic, kennysheep_generic_room_16
D:8:      layout_basic, enter_bailey_4, chequers_serial_rivers_small_b
D:9:      layout_rooms, nicolae_overflow_hidden_temple, uniq_erica
D:10:     layout_stronghold, lemuel_coloured_pillars_altar,
          mainiacjoe_overflow_cross_hatched, erik_lair_dragon, uniq_sonja
Temple:   minmay_temple_forest_path

Skill      XL: |  1  2  3  4  5  6  7  8  9 10 11 |
---------------+----------------------------------+-----
Axes           | 3 5 6 8 10 12 14 15 | 15.0
Fighting       | 4 5 6 7 9 |  9.5
Armour         | 4 5 7 8 |  8.7
Shields        | 4 5 |  5.6
Dodging        | 1 2 3 |  3.7
Stealth        | 1 2 |  2.1
Evocations     | 1 2 |  2.1
Throwing       | 1 |  1.0

Action                     |  1- 3 |  4- 6 |  7- 9 | 10-12 || total
---------------------------+-------+-------+-------+-------++-------
  Melee: War axe           |    88 |   161 |   326 |    61 ||   636
         Battleaxe         |       |       |       |    88 ||    88
         Headbutt          |       |       |       |     6 ||     6
  Throw: Boomerang         |     6 |     2 |     2 |       ||    10
  Evoke: Wand              |       |       |    13 |     2 ||    15
    Use: Scroll            |     3 |     6 |     6 |    10 ||    25
         Potion            |       |       |     1 |    15 ||    16
   Stab: Distracted        |       |       |     4 |       ||     4
 Armour: Scale mail        |    41 |    28 |       |       ||    69
         Ring mail         |       |    32 |    68 |       ||   100
         Chain mail        |       |       |    36 |    14 ||    50
         Plate armour      |       |       |       |    95 ||    95
         Skin              |       |       |       |    12 ||    12
  Dodge: Dodged            |    46 |   116 |   239 |   109 ||   510
         Repelled          |     1 |       |       |       ||     1
  Block: Buckler           |    20 |    37 |    61 |    16 ||   134
